 Dungeon Crawl Stone Soup version 0.24-a0-479-g9a978d2894 (webtiles) character file.

Game seed: 10990380445156571758

85 1994 the Ruffian (level 4, 0/44 HPs)
             Began as an Ogre Transmuter on July 6, 2019.
             Slain by a gnoll
             ... wielding a +0 spear
              (5 damage)
             ... on level 2 of the Dungeon.
             The game lasted 00:07:18 (1845 turns).

1994 the Ruffian (Ogre Transmuter)                  Turns: 1845, Time: 00:07:19

Health: 0/44       AC:  2    Str: 14    XL:     4   Next: 48%
Magic:  6/8        EV: 19    Int: 15    God:
Gold:   85         SH:  0    Dex: 14    Spells: 3/9 levels left

rFire    . . .     SeeInvis .     - Unarmed
rCold    . . .     Gourm    .   (shield currently unavailable)
rNeg     . . .     Faith    .   (armour currently unavailable)
rPois    x         Spirit   .   (helmet currently unavailable)
rElec    .         Reflect  .   (cloak currently unavailable)
rCorr    .         Harm     .   (gloves unavailable)
MR       .....                  (boots unavailable)
Stlth    +.........             (no amulet)
HPRegen  0.14/turn              (no ring)
MPRegen  0.11/turn              (no ring)

@: spider-form (expiring)
A: tiny, unfitting armour
a: End Transformation


You were on level 2 of the Dungeon.
You were not hungry.
You were a venomous arachnid creature.
You visited 1 branch of the dungeon, and saw 2 of its levels.

You collected 85 gold pieces.

Inventory:

Missiles
 a - 45 arrows
 f - 3 boomerangs (quivered)
 k - 43 stones
Armour
 b - a +0 robe (melded)
Scrolls
 c - 6 scrolls of identify {unknown}
 e - a scroll of enchant weapon {unknown}
 g - 2 scrolls of fog {unknown}
 h - a scroll of remove curse {unknown}
 i - a scroll of teleportation {unknown}
Potions
 l - a potion of lignification {unknown}
 m - 2 potions of flight {unknown}
Comestibles
 d - 2 rations
 j - 3 chunks of flesh


   Skills:
 + Level 2.7 Fighting
 - Level 1.7 Dodging
 * Level 3.4 Unarmed Combat
 + Level 3.0 Spellcasting
 + Level 2.3 Transmutations
 * Level 0.7 Poison Magic


You had 3 spell levels left.
You knew the following spells:

 Your Spells              Type           Power        Failure   Level  Hunger
a - Beastly Appendage     Tmut           #.....       21%         1    #......
b - Sticks to Snakes      Tmut           #.......     28%         2    ##.....
c - Spider Form           Tmut/Pois      #.........   52%         3    ###....

Your spell library contained the following spells:

 Spells                   Type           Power        Failure   Level  Hunger
 Ice Form                 Ice/Tmut       #.......     90%         4    #####..
 Blade Hands              Tmut           #.........   98%         5    ######.


Dungeon Overview and Level Annotations

Branches:
Dungeon (2/15)

Altars:


Innate Abilities, Weirdness & Mutations

You are too large for most types of armour.
((You have tough skin. (AC +1)))


Message History

You kill the gnoll!
The gnoll hits you from afar with a +0 spear.
You see here a +0 whip.
You barely miss the gnoll. The gnoll hits you with a +0 spear.
The gnoll hits you with a +0 flail.
You hit the gnoll but do no damage. The gnoll misses you.
The gnoll closely misses you.
You barely miss the gnoll. The gnoll closely misses you.
You hit the gnoll.
The gnoll is poisoned.
The gnoll is moderately wounded.
The gnoll completely misses you. The gnoll hits you with a +0 spear!
You hit the gnoll.
The gnoll looks as sick as possible!
The gnoll is heavily wounded.
The gnoll hits you with a +0 flail!
* * * LOW HITPOINT WARNING * * *
The gnoll hits you with a +0 spear.
* * * LOW HITPOINT WARNING * * *
Unknown command.
The gnoll hits you from afar with a +0 spear.
You die...

#.# #.# #.# #.#
#.# #g# #.###
##########gg.#
#........s###.....
########.######..#
... ..........#
#..# . ########..#
#.#.. ### #..#
#.##.# ... #..#
#.# .# ..##.###..#
... #
..........####.##
..##...........#


You could see 3 gnolls.

Vanquished Creatures
  4 gnolls
  An adder (D:2)
  A worm (D:2)
  A leopard gecko (D:1)
  4 bats
  4 giant cockroaches (D:1)
  4 goblins (D:1)
  4 hobgoblins (D:1)
  2 jackals (D:1)
  A ball python (D:1)
  4 frilled lizards
  4 kobolds
  A rat (D:2)
35 creatures vanquished.

Vanquished Creatures (collateral kills)
  A dart slug (D:1)
1 creature vanquished.

Grand Total: 36 creatures vanquished

Notes
Turn   | Place    | Note
-------+----------+-------------------------------------------
     0 | D:1      | 1994 the Ogre Transmuter began the quest for the Orb.
     0 | D:1      | Reached XP level 1. HP: 19/19 MP: 3/3
   397 | D:1      | Reached XP level 2. HP: 28/28 MP: 3/5
   612 | D:1      | Learned a level 2 spell: Sticks to Snakes
   896 | D:1      | Reached XP level 3. HP: 9/35 MP: 1/7
  1424 | D:2      | Learned a level 3 spell: Spider Form
  1628 | D:2      | Reached XP level 4. HP: 41/44 MP: 6/8
  1845 | D:2      | Slain by a gnoll

Levels and vault maps discovered:
D:1:      dpeg_arrival_fog, layout_loops_ring
D:2:      layout_loops_ring, led_sif_pool, kennysheep_another_room

Skill      XL: |  1  2  3 |
---------------+----------+-----
Transmutations | 2 |  2.3
Unarmed Combat | 3 |  3.4
Fighting       | 2 |  2.7
Spellcasting   | 3 |  3.0
Dodging        | |  1.7
Poison Magic   | |  0.7

Action                   |  1- 3 |  4- 6 || total
-------------------------+-------+-------++-------
Melee: Unarmed           |   101 |    28 ||   129
       Kick              |     8 |     1 ||     9
       Headbutt          |     3 |     6 ||     9
       Punch             |     1 |       ||     1
Throw: Boomerang         |     9 |       ||     9
 Cast: Beastly Appendage |    19 |     4 ||    23
       Sticks to Snakes  |     4 |       ||     4
       Spider Form       |     2 |     1 ||     3
  Eat: Chunk             |     3 |     1 ||     4
Armor: Robe              |    33 |     3 ||    36
Dodge: Dodged            |    67 |    21 ||    88

Table legend:
 A = Non-vault XP
 B = Vault XP
 C = Vault XP percentage of total XP
 D = Non-vault monster count
 E = Vault monster count
 F = Vault count percentage of total count
                 A         B        C        D         E       F
            +---------+---------+-------+---------+---------+-------
      Total |     122 |       0 |   0.0 |      36 |       0 |   0.0
            +---------+---------+-------+---------+---------+-------
        D:1 |      81 |       0 |   0.0 |      26 |       0 |   0.0
        D:2 |      41 |       0 |   0.0 |      10 |       0 |   0.0
            +---------+---------+-------+---------+---------+-------
